 Dungeon Crawl Stone Soup version 0.31-a0-986-g5e6e4ef867 (webtiles) character file.

Game seed: 5796884594668696394

240 gelatine the Covered (level 5, -2/41 HPs)
             Began as a Demonspawn Fighter on Nov 17, 2023.
             Slain by Edmund
             ... wielding a +2 flail of holy wrath
              (7 damage)
             ... on level 4 of the Dungeon.
             The game lasted 00:05:49 (2567 turns).

gelatine the Covered (Demonspawn Fighter)           Turns: 2567, Time: 00:05:51

Health: -2/41      AC:  7    Str: 18    XL:     5   Next: 79%
Magic:  5/5        EV: 10    Int:  9    God:
Gold:   133        SH:  9    Dex: 13    Spells: 4/4 levels left

rFire   + . .        a - +0 war axe
rCold   + + .        c - +0 buckler
rNeg    . . .        l - +2 ring mail {rPois}
rPois   +            (no helmet)
rElec   .            (no cloak)
rCorr   .            (no gloves)
SInv    +            (no boots)
Will    .....        (no amulet)
Stlth   +            i - ring of see invisible
HPRegen 0.26/turn    n - ring of Utreafaj {rF+ rC++}
MPRegen 0.09/turn

%: no passive effects
@: no status effects
A: large bone plates 1, powered by death 1
a: no special abilities


You were on level 4 of the Dungeon.
You visited 1 branch of the dungeon, and saw 4 of its levels.

You collected 161 gold pieces.
You spent 28 gold pieces at shops.

Inventory:

Hand Weapons
 a - a +0 war axe (weapon)
Missiles
 q - 4 poisoned darts
Armour
 b - a +0 scale mail
 c - a +0 buckler (worn)
 l - a +2 ring mail of poison resistance (worn)
Magical Staves
 k - a staff of cold
 w - a staff of fire
Jewellery
 i - a ring of see invisible (left hand)
 n - the ring of Utreafaj (right hand) {rF+ rC++}
   (You found it on level 2 of the Dungeon)

   [ring of protection from fire]

   rF+:       It protects you from fire.
   rC++:      It greatly protects you from cold.
Wands
 u - a wand of flame (5)
Scrolls
 e - 5 scrolls of blinking {unknown}
 g - 3 scrolls of teleportation {unknown}
 m - a scroll of immolation {unknown}
 o - a scroll of vulnerability {unknown}
 p - a scroll of poison {unknown}
 v - a scroll of identify
 y - a scroll of fog {unknown}
Potions
 d - a potion of might
 f - 3 potions of curing
 h - 2 potions of lignification
 j - a potion of invisibility
 r - a potion of degeneration {unknown}
 s - 2 potions of heal wounds {unknown}
 t - 2 potions of attraction {unknown}
 x - a potion of mutation {unknown}


   Skills:
 + Level 3.4 Fighting
 + Level 3.4 Axes
 + Level 3.9 Armour
 + Level 1.1 Dodging
 + Level 0.1 Stealth
 + Level 3.7 Shields


You had 4 spell levels left.
You didn't know any spells.
Your spell library contained the following spells:

 Spells                   Type           Power      Damage    Failure   Level
 Sandblast                Erth           0%         2d4       65%         1
 Summon Small Mammal      Summ           0%         N/A       65%         1
 Passwall                 Tmut/Erth      0%         N/A       80%         2
 Call Canine Familiar     Summ           0%         N/A       95%         3
 Stone Arrow              Conj/Erth      0%         3d7       95%         3
 Summon Guardian Golem    Hex/Summ       0%         N/A       95%         3
 Animate Armour           Summ/Erth      0%         N/A       100%        4
 Brom's Barrelling Bould  Conj/Erth      0%         2d3       100%        4
 Lehudib's Crystal Spear  Conj/Erth      0%         10d2      100%        8


Dungeon Overview and Level Annotations

Branches:
Dungeon (4/15)
 Temple: D:4-7

Altars:
Hepliaklqana

Shops:
D:1 *

Annotations:
D:4 Edmund


Innate Abilities, Weirdness & Mutations

You are partially covered in large bone plates. (SH +4)
You regenerate a little health from kills.


Message History

You convulse.
You hit Edmund.
Edmund is moderately wounded.
Edmund hits you with a +2 flail of holy wrath.
You convulse.
Edmund clears his throat.
Edmund barely misses you.
You hit Edmund.
Edmund is heavily wounded.
Edmund barely misses you.
You hit Edmund but do no damage.
Edmund is heavily wounded.
Edmund barely misses you.
You closely miss Edmund.
Edmund is heavily wounded.
Edmund asks, "Have you met my wondrous brother?"
Edmund barely misses you. You block Edmund's attack.
You hit Edmund but do no damage.
Edmund is heavily wounded.
Edmund hits you but does no damage.
You hit Edmund but do no damage.
Edmund is heavily wounded.
Edmund closely misses you.
You closely miss Edmund.
Edmund is heavily wounded.
Edmund hits you with a +2 flail of holy wrath.
You convulse.
Edmund closely misses you.
You closely miss Edmund.
Edmund is heavily wounded.
Edmund hits you with a +2 flail of holy wrath.
* * * LOW HITPOINT WARNING * * *
You convulse.
* * * LOW HITPOINT WARNING * * *
You hit Edmund but do no damage.
Edmund is heavily wounded.
You block Edmund's attack.
Edmund gestures with his flail.
Edmund hits you with a +2 flail of holy wrath!
You die...
Edmund says, "I'd like to see a scythe do that!"

#..####......
#..#.........
#+###+..'.........
...+.#..#)...♣♣♣♣♣♣♣
...#.#. #...♣♣.....♣♣
._.#.+##+..♣♣..._...♣
[..#.#..#..♣♣/_..._.♣
...'.#..#..♣♣...⌠...♣
#+###'..'...♣♣..@..♣
.....#..#....♣♣.@.♣♣
.....#..#..#...♣.♣.....
#+###'##########.......
.......# ##.......
....#...# .......
....#+#+#### .......
...........# .......
.....<.....# .....


You could see Edmund.

Vanquished Creatures
  A scorpion (D:3)
  A jelly (D:4)
  Ijyb (D:3)
  An iguana (D:4)
  Terence (D:2)
  2 adders
  2 worms
  A dart slug (D:3)
  2 orcs
  3 endoplasms
  A giant cockroach (D:3)
  6 goblins
  2 hobgoblins
  3 jackals (D:3)
  2 kobolds (D:1)
  3 quokkas
  A ball python (D:1)
  4 bats
  6 frilled lizards
  5 rats
48 creatures vanquished.

Notes
Turn   | Place    | Note
-------+----------+-------------------------------------------
     0 | D:1      | gelatine the Demonspawn Fighter began the quest for the
                  | Orb.
     0 | D:1      | Reached XP level 1. HP: 18/18 MP: 1/1
    94 | D:1      | Gained mutation: You are partially covered in large bone
                  | plates. (SH +4) [demonic ancestry]
    94 | D:1      | Reached XP level 2. HP: 9/24 MP: 2/2
   187 | D:1      | Found Bazxoburgh's General Store.
   222 | D:1      | Bought a scroll of identify for 28 gold pieces
   349 | D:1      | Found a faded altar of an unknown god.
   593 | D:2      | Noticed Terence
   754 | D:2      | Killed Terence
   755 | D:2      | Reached XP level 3. HP: 18/29 MP: 3/3
   904 | D:2      | Identified the ring of Utreafaj {rF+ rC++}
  1573 | D:3      | Reached XP level 4. HP: 33/35 MP: 4/4
  1650 | D:3      | Noticed Ijyb
  1664 | D:3      | Killed Ijyb
  1821 | D:3      | Noticed a scorpion
  1848 | D:3      | Killed a scorpion
  1849 | D:3      | Gained mutation: You regenerate a little health from kills.
                  | [demonic ancestry]
  1849 | D:3      | Reached XP level 5. HP: 20/41 MP: 5/5
  2292 | D:4      | Reached skill level 1 in Dodging
  2361 | D:4      | Found a hazy altar of Hepliaklqana.
  2382 | D:4      | HP: 2/41 [acid (9)]
  2551 | D:4      | Noticed Edmund
  2567 | D:4      | Slain by Edmund

Illustrated notes

Levels and vault maps discovered:
D:1:      lightli_arrival_maybe_door_vault, layout_rooms,
          hellmonk_ecumenical_altar_pennies_from_heaven, serial_shops,
          nicolae_shop_statue_plus, minivault_19, minmay_bisected
D:2:      layout_loops_ring, kennysheep_big_empty_room, uniq_terence
D:3:      layout_loops_ring, uniq_ijyb
D:4:      layout_basic, good_gods_temple_1, mainiacjoe_overflow_24_doors,
          nemelex_dance_club_becter, marbit_many_paths, uniq_edmund

Skill      XL: |  1  2  3  4  5 |
---------------+----------------+-----
Shields        | 3 |  3.7
Armour         | 3 |  3.9
Axes           | 2 3 |  3.4
Dodging        | 1 |  1.1
Fighting       | |  3.4
Stealth        | |  0.1

Action                     |  1- 3 |  4- 6 || total
---------------------------+-------+-------++-------
  Melee: War axe           |   110 |    83 ||   193
  Evoke: Wand              |       |     1 ||     1
    Use: Scroll            |     3 |       ||     3
 Armour: Scale mail        |    50 |       ||    50
         Ring mail         |    22 |    55 ||    77
  Dodge: Dodged            |    41 |    36 ||    77
  Block: Buckler           |    55 |    39 ||    94

Table legend: (Time is in decaauts)
 A = Elapsed time spent in this place.
 B = Non-inter-level travel time spent in this place.
 C = Inter-level travel time spent in this place.
 D = Time resting spent in this place.
 E = Time spent auto-exploring this place.
 F = Levels seen in this place.
 G = Mean time per level.
                   A        B        C        D        E       F      G
               +--------+--------+--------+--------+--------+-----+--------+
         Total |   2647 |   2530 |    117 |      0 |   1888 |   4 |  661.8 |
       Dungeon |   2647 |   2530 |    117 |      0 |   1888 |   4 |  661.8 |
               +--------+--------+--------+--------+--------+-----+--------+

Top non-repeatable levels by time:
     D:3: 998 daAuts
     D:2: 769 daAuts
     D:1: 687 daAuts
     D:4: 192 daAuts
